 Dungeon Crawl Stone Soup version 0.22-a0-284-g99d1f74 (webtiles) character file.

9583 mhoghedin the Fighter (level 11, -3/95 HPs)
             Began as a Demigod Venom Mage on Mar 20, 2018.
             Slain by a cyclops (26 damage)
             ... on level 10 of the Dungeon.
             The game lasted 00:24:32 (11412 turns).

mhoghedin the Fighter (Demigod Venom Mage)         Turns: 11412, Time: 00:24:32

Health: -3/95      AC: 10    Str: 13    XL:     11   Next: 4%
Magic:  9/18       EV: 17    Int: 25    God:
Gold:   502        SH:  0    Dex: 16    Spells: 3/13 levels left

rFire    + + .     SeeInvis .   C - +0 flail "Bucvit" {flame, +Rage MR+} (curse)
rCold    + . .     Gourm    +   (no shield)
rNeg     . . .     Faith    .   n - +0 robe of Targhe Reegil {+Inv rF+ Str+2} (curse)
rPois    .         Spirit   .   H - +2 hat {MR+}
rElec    .         Reflect  .   i - scarf {rC+ rF+}
rCorr    .         Harm     .   (no gloves)
MR       +++..                  k - +0 pair of boots
Stlth    ++........             u - amulet of the gourmand {Gourm, !d}
HPRegen  0.25/turn              j - +5 ring of protection
MPRegen  0.16/turn              y - ring of wizardry {Wiz+, !d}

@: berserk cooldown, slowed, very slow
A: high mp 1
a: Evoke Berserk Rage, Evoke Invisibility


You were on level 10 of the Dungeon.
You were hungry.

You visited 1 branch of the dungeon, and saw 10 of its levels.
You also visited: Sewer.

You collected 502 gold pieces.

Inventory:

Hand Weapons
 s - a +1 mace of draining
   (You found it on level 4 of the Dungeon)
 C - the cursed +0 flail "Bucvit" (weapon) {flame, +Rage MR+}
   (You found it on level 6 of the Dungeon)

   It has been specially enchanted to burn those struck by it, causing extra
   injury to most foes and up to half again as much damage against particularly
   susceptible opponents.
   It affects your resistance to hostile enchantments.
   It lets you go berserk.
   It has a curse placed upon it.
 G - the +4 dagger "Goujug" {pierce, Str-4 Int+5}
   (You found it on level 8 of the Dungeon)

   It inflicts extra damage upon your enemies.
   It affects your strength (-4).
   It affects your intelligence (+5).
Armour
 i - a scarf of resistance (worn)
   (You found it on level 1 of the Dungeon)
 k - a +0 pair of boots (worn)
   (You found it on level 1 of the Dungeon)
 n - the cursed +0 robe of Targhe Reegil (worn) {+Inv rF+ Str+2}
   (You found it on level 7 of the Dungeon)

   It affects your strength (+2).
   It protects you from fire.
   It lets you turn invisible.
   It has a curse placed upon it.
 H - a +2 hat of magic resistance (worn)
   (You took it off Gastronok on level 9 of the Dungeon)
Jewellery
 j - a +5 ring of protection (left hand)
   (You found it on level 2 of the Dungeon)
 u - an amulet of the gourmand (around neck) {Gourm, !d}
   (You found it on level 5 of the Dungeon)
 y - a ring of wizardry (right hand) {Wiz+, !d}
   (You found it on level 6 of the Dungeon)
Wands
 a - a wand of digging (13)
   (You found it on level 7 of the Dungeon)
 o - a wand of polymorph (6)
   (You took it off Sigmund on level 4 of the Dungeon)
Scrolls
 d - a scroll of brand weapon {unknown}
 g - 2 scrolls of fog
 m - 6 scrolls of enchant armour
 p - 8 scrolls of teleportation
 q - 4 scrolls of remove curse
 t - a scroll of blinking {!r}
 v - 2 scrolls of amnesia
 A - 3 scrolls of enchant weapon
 E - 2 scrolls of identify
Potions
 b - 2 potions of might {unknown}
 e - 4 potions of flight {unknown}
 f - a potion of heal wounds {unknown}
 h - 2 potions of curing
 l - 3 potions of brilliance {unknown}
 r - a potion of mutation {unknown}
 w - 2 potions of lignification {unknown}
 x - a potion of haste {unknown}
 z - a potion of cancellation {unknown}
 B - a potion of ambrosia {unknown}
Miscellaneous
 D - a lamp of fire
   (You found it on level 9 of the Dungeon)
Comestibles
 c - 18 rations


   Skills:
 + Level 8.3 Fighting
 + Level 7.6 Maces & Flails
 + Level 7.2 Dodging
 - Level 1.7 Stealth
 - Level 1.7 Spellcasting
 - Level 0.8 Conjurations
 - Level 0.1 Air Magic
 - Level 8.0 Poison Magic
 + Level 5.5 Evocations


You had 3 spell levels left.
You knew the following spells:

 Your Spells              Type           Power        Failure   Level  Hunger
a - Sting                 Conj/Pois      ###.         1%          1    #......
b - Poisonous Vapours     Pois/Air       ###...       1%          2    ##.....
c - Olgreb's Toxic Radia  Pois           #####...     1%          4    #####..
x - Mephitic Cloud        Conj/Pois/Air  ###.....     4%          3    ###....


Dungeon Overview and Level Annotations

Branches:
Dungeon (10/15)            Temple (0/1) D:5
   Lair: D:8-11         Orc: D:9-12

Shops:
D:7 *


Innate Abilities, Weirdness & Mutations

You have an increased reservoir of magic. (+10% MP)


Message History

You feel yourself speed up.
You regained 7 hp, and now have 46/88 hp.
MP restored: 17 Unknown command.
You start resting.
You recover from your berserk rage.
You regained 2 hp, and now have 48/88 hp.
Unknown command.
You start resting.
A porcupine comes into view.
Health restored: 88 No target in view!
No target in view!
No target in view!
No target in view!
No target in view!
No target in view!
No target in view!
No target in view!
No target in view!
You are struck by the porcupine's spines.
You thump the porcupine! You burn the porcupine. The porcupine bites you.
You take 12 damage, and have 76/88 hp.
You hit the porcupine but do no damage. The porcupine bites you.
You take 4 damage, and have 72/88 hp.
You are struck by the porcupine's spines.
You closely miss the porcupine. The porcupine barely misses you.
The porcupine closely misses you.
You take 8 damage, and have 64/88 hp.
You are struck by the porcupine's spines.
You sock the porcupine! You burn the porcupine.
You kill the porcupine!
You take 3 damage, and have 61/88 hp.
No target in view!
You see here a porcupine corpse.
A two-headed ogre and a cyclops come into view.
There are monsters nearby!
You begin to radiate toxic energy.
The cyclops shouts!
The cyclops is poisoned.
The two-headed ogre is poisoned.
You hear a shout!
The cyclops throws a large rock.
The large rock barely misses you.
You now have 13/17 mp.
The two-headed ogre looks even sicker.
The two-headed ogre looks even sicker.
Your toxic aura wanes.
An orc priest comes into view. It is wielding a whip.
You miscast Olgreb's Toxic Radiance.
You are very lightly contaminated with residual magic.
You feel mildly nauseous.
You now have 9/17 mp.
You begin to radiate toxic energy.
The cyclops looks even sicker.
The cyclops throws a large rock.
The large rock hits you!
A yak comes into view.
You take 12 damage, and have 51/88 hp.
You now have 5/17 mp.
The yak is poisoned.
The two-headed ogre looks as sick as possible!
The two-headed ogre hits you with a giant club!
The two-headed ogre closely misses you.
The cyclops throws a large rock.
The large rock hits you.
Things that are here:
a large rock {!d}; 4 tomahawks You take 15 damage, and have 36/88 hp.
The yak looks even sicker.
The cyclops looks even sicker.
The two-headed ogre looks as sick as possible!
Your toxic aura wanes.
You fail to use your ability.
The two-headed ogre misses you. The two-headed ogre barely misses you.
A red film seems to cover your vision as you go berserk!
You feel yourself moving faster!
You feel mighty!
You are feeling hungry.
The two-headed ogre hits you with a giant club!!
* * * LOW HITPOINT WARNING * * *
The two-headed ogre barely misses you.
You now have 30/132 hp.
You sock the two-headed ogre! You burn the two-headed ogre.
You thump the two-headed ogre! You burn the two-headed ogre.
You kill the two-headed ogre!
You have reached level 11!
You regained 2 hp, and now have 32/141 hp.
Things that are here:
a giant club x2
There isn't anything to butcher here.
You feel a strong urge to attack something.
The orc priest shouts!
You sock the yak! You burn the yak. The yak misses you.
You sock the yak! You burn the yak.
You kill the yak!
Your magical contamination has completely faded away.
You closely miss the orc priest. The orc priest barely misses you.
You thump the orc priest! You burn the orc priest.
You kill the orc priest!
Things that are here:
a whip; a leather armour You feel a strong urge to attack something.
You are no longer berserk.
You are exhausted.
You feel yourself slow down. The cyclops hits you!!
You die...

##....###
#........
##.......
####......#
#........#
#.......##
##[.)....#
#.)####./# #@.#
.# #C## .# #..##
.# #...# ##...#
###..## ......
#..##.### ......
#..##...##
#.....
##..##...##....#
##...#.†.#..#


You could see a cyclops.

Vanquished Creatures
  Gastronok (D:9)
  2 two-headed ogres
  An unseen horror (D:10)
  Pikel (D:7)
  A troll (D:6)
  A hippogriff (D:8)
  Sigmund (D:4)
  A wyvern (D:8)
  A yak (D:10)
  Eustachio (D:6)
  A human (D:8)
  Grum (D:8)
  Menkaure (D:6)
  3 water moccasins
  A porcupine (D:10)
  2 orc warriors
  A slave (D:6)
  A black bear (D:9)
  3 sky beasts
  4 ice beasts
  A necrophage (D:6)
  3 phantoms
  3 ogres
  4 wolves (D:8)
  A centaur (D:10)
  6 big kobolds
  2 bullfrogs (D:6)
  A gnoll sergeant (D:8)
  Blork the orc (D:6)
  5 scorpions
  A water moccasin skeleton (D:5)
  5 wights (D:7)
  2 vampire bats (D:5)
  A howler monkey (D:4)
  3 crimson imps
  A bullfrog zombie (D:7)
  4 orc wizards
  3 bullfrog skeletons
  2 hounds
  A jelly (D:7)
  Crazy Yiuf (D:4)
  A centaur skeleton (D:4)
  5 orc priests
  A worker ant (D:5)
  4 gnolls (D:8)
  8 adders
  5 river rats (Sewer)
  4 shadow imps
  5 oozes
  10 worms
  2 dart slugs (D:1)
  4 leopard geckos
  13 orcs
  A ball python (Sewer)
  6 bats
  2 bat skeletons (D:5)
  3 bat zombies (D:5)
  12 giant cockroaches
  9 goblins
  11 hobgoblins
  9 jackals
  A quokka (D:7)
  2 frilled lizards
  20 kobolds
  3 leopard gecko skeletons
  A quokka skeleton (D:6)
  A quokka zombie (D:5)
  11 rats
234 creatures vanquished.

Vanquished Creatures (others)
  A phantom (D:7)
  2 slaves (D:7)
  A crimson imp (D:7)
  A worker ant (D:7)
  16 fungi (D:10)
  4 plants (D:10)
25 creatures vanquished.

Grand Total: 259 creatures vanquished

Notes
Turn   | Place    | Note
-------+----------+-------------------------------------------
     0 | D:1      | mhoghedin the Demigod Venom Mage began the quest for the Orb.
     0 | D:1      | Reached XP level 1. HP: 14/14 MP: 5/5
    99 | D:1      | Reached skill level 3 in Poison Magic
   299 | D:1      | Reached XP level 2. HP: 20/20 MP: 2/7
   430 | D:1      | Learned a level 2 spell: Poisonous Vapours
   676 | D:1      | Found a glowing golden altar of the Shining One.
   815 | D:1      | Reached XP level 3. HP: 25/26 MP: 2/8
   925 | D:2      | Reached skill level 4 in Poison Magic
  1319 | D:2      | Reached XP level 4. HP: 24/33 MP: 0/9
  1380 | D:2      | Reached skill level 5 in Poison Magic
  2277 | D:3      | Found a glowing drain.
  2318 | D:3      | Reached XP level 5. HP: 38/38 MP: 10/10
  2321 | Sewer    | Entered a sewer
  2327 | Sewer    | Learned a level 4 spell: Olgreb's Toxic Radiance
  2432 | Sewer    | Reached skill level 6 in Poison Magic
  2965 | Sewer    | Reached XP level 6. HP: 39/45 MP: 6/11
  3434 | Sewer    | Reached skill level 7 in Poison Magic
  3782 | D:3      | Found a sacrificial altar of Ru.
  3782 | D:3      | Found a radiant altar of Vehumet.
  3851 | D:3      | Found a shadowy altar of Dithmenos.
  4219 | D:4      | Noticed Sigmund
  4237 | D:4      | Killed Sigmund
  4237 | D:4      | Reached skill level 8 in Poison Magic
  4237 | D:4      | Reached XP level 7. HP: 27/50 MP: 1/12
  4482 | D:4      | Reached skill level 1 in Fighting
  4528 | D:4      | Reached skill level 2 in Fighting
  4572 | D:4      | Found an ornate altar of the Wu Jian Council.
  4715 | D:4      | Found a shimmering altar of Xom.
  4761 | D:4      | Reached skill level 3 in Fighting
  4776 | D:4      | Found a runed door.
  4777 | D:4      | Got a translucent mace
  4778 | D:4      | Identified the +5 mace of Governance {venom, +Fly} (You found it on level 4 of the Dungeon)
  4782 | D:4      | Noticed Crazy Yiuf
  4786 | D:4      | Killed Crazy Yiuf
  4996 | D:5      | Entered Level 5 of the Dungeon
  5011 | D:5      | Reached skill level 1 in Maces & Flails
  5110 | D:5      | Reached skill level 2 in Maces & Flails
  5296 | D:5      | Reached skill level 4 in Fighting
  5296 | D:5      | Reached XP level 8. HP: 47/66 MP: 13/13
  5571 | D:5      | Found a staircase to the Ecumenical Temple.
  5641 | D:5      | Reached skill level 3 in Maces & Flails
  5641 | D:5      | Reached skill level 2 in Dodging
  5900 | D:5      | Found a shattered altar of Ashenzari.
  6120 | D:5      | Found an ancient bone altar of Kikubaaqudgha.
  6128 | D:5      | Reached skill level 5 in Fighting
  6187 | D:6      | Noticed Eustachio
  6188 | D:6      | Noticed Blork the orc
  6190 | D:6      | Got an encrusted flail
  6197 | D:6      | Identified the cursed +0 flail "Bucvit" {flame, +Rage MR+} (You found it on level 6 of the Dungeon)
  6204 | D:6      | Killed Blork the orc
  6204 | D:6      | Reached skill level 3 in Dodging
  6212 | D:6      | Killed Eustachio
  6212 | D:6      | Reached skill level 4 in Maces & Flails
  6397 | D:6      | Reached skill level 4 in Dodging
  6397 | D:6      | Reached XP level 9. HP: 63/75 MP: 7/14
  6516 | D:6      | Reached skill level 6 in Fighting
  6759 | D:6      | Reached skill level 5 in Maces & Flails
  6759 | D:6      | Reached skill level 1 in Evocations
  7033 | D:6      | Noticed Menkaure
  7051 | D:6      | Killed Menkaure
  7333 | D:6      | Reached skill level 2 in Evocations
  7657 | D:7      | Noticed Pikel
  7746 | D:7      | Killed Pikel
  7746 | D:7      | Reached skill level 5 in Dodging
  7823 | D:7      | Found Birifoq's Elemental Accessories.
  7835 | D:7      | Got an ichor-stained robe
  7846 | D:7      | Identified the cursed +0 robe of Targhe Reegil {+Inv rF+ Str+2} (You found it on level 7 of the Dungeon)
  8957 | D:8      | Noticed a two-headed ogre
  8978 | D:7      | Killed a two-headed ogre
  8978 | D:7      | Reached skill level 7 in Fighting
  8978 | D:7      | Reached skill level 6 in Maces & Flails
  8978 | D:7      | Reached skill level 3 in Evocations
  8978 | D:7      | Reached XP level 10. HP: 86/86 MP: 15/15
  9052 | D:8      | Found a bloodstained altar of Trog.
  9078 | D:8      | Got a brightly glowing dagger
  9079 | D:8      | Identified the +4 dagger "Goujug" {pierce, Str-4 Int+5} (You found it on level 8 of the Dungeon)
  9297 | D:8      | Noticed a hand axe
  9299 | D:8      | Noticed a hand axe
  9314 | D:8      | Reached skill level 6 in Dodging
  9317 | D:8      | Reached skill level 4 in Evocations
  9514 | D:8      | Noticed Grum
  9526 | D:8      | Killed Grum
  9566 | D:8      | Learned a level 3 spell: Mephitic Cloud
  9756 | D:8      | Found a hide-covered altar of Uskayaw.
 10127 | D:9      | Found a stormy altar of Qazlal.
 10237 | D:9      | Noticed Gastronok
 10363 | D:9      | Killed Gastronok
 10363 | D:9      | Reached skill level 8 in Fighting
 10363 | D:9      | Reached skill level 7 in Maces & Flails
 10363 | D:9      | Reached skill level 5 in Evocations
 11012 | D:9      | Found a glowing silver altar of Zin.
 11074 | D:10     | Entered Level 10 of the Dungeon
 11170 | D:10     | Killed an unseen horror
 11170 | D:10     | Reached skill level 7 in Dodging
 11379 | D:10     | Noticed a cyclops
 11379 | D:10     | Noticed a two-headed ogre
 11402 | D:10     | HP: 30/132 [two-headed ogre/giant club (29)]
 11404 | D:10     | Killed a two-headed ogre
 11404 | D:10     | Reached XP level 11. HP: 32/94 MP: 8/18
 11412 | D:10     | Slain by a cyclops

Vault maps used:
D:1:      scummos_arrival_star, minmay_misc_feat_pillars, tso_altar
D:3:      grunt_dithmenos_smoke, gammafunk_temple_overflow_wave, first_ration,
          portal_sewer_entry_f, amethyst_killhole
D:4:      lemuel_round_altar, kennysheep_little_box, uniq_sigmund,
          uniq_crazy_yiuf_cottage
D:5:      kennysheep_vampire_church, kennysheep_mini, minmay_temple_entry_glass
D:6:      hangedman_cross_stitches, uniq_blork_the_orc, uniq_menkaure,
          uniq_eustachio
D:7:      nicolae_elemental_shop, uniq_pikel
D:8:      dancing_weapons_uskayaw, grunt_pizzeria, bloody_trog, uniq_grum
D:9:      nicolae_overflow_crystal_walls, grunt_qazlal_clouds, uniq_gastronok
D:10:     due_lair_maze_entry_diamond
Sewer:    sewer_co_tree

Skill      XL: |  1  2  3  4  5  6  7  8  9 10 |
---------------+-------------------------------+-----
Poison Magic   | 3 4 5 6 8 |  8.0
Fighting       | 4 5 7 8 |  8.3
Maces & Flails | 2 4 6 7 |  7.6
Dodging        | 4 5 7 |  7.2
Evocations     | 3 5 |  5.5
Stealth        | |  1.7
Spellcasting   | |  1.7
Conjurations   | |  0.8
Air Magic      | |  0.1

Action                   |  1- 3 |  4- 6 |  7- 9 | 10-12 || total
-------------------------+-------+-------+-------+-------++-------
Melee: Dagger            |    67 |   282 |    22 |       ||   371
       Mace              |       |       |   133 |       ||   133
       Flail             |       |       |   227 |   198 ||   425
 Cast: Sting             |    23 |     1 |       |       ||    24
       Poisonous Vapours |    35 |    44 |    13 |       ||    92
       Olgreb's Toxic Ra |       |    15 |     8 |     9 ||    32
 Abil: Evoke Berserk Rag |       |       |     7 |     5 ||    12
       Evoke Invisibilit |       |       |     1 |       ||     1
Evoke: Wand              |       |       |     1 |       ||     1
  Use: Scroll            |     4 |     3 |     6 |     2 ||    15
       Potion            |       |       |     1 |       ||     1
 Stab: Sleeping          |     1 |     3 |     2 |       ||     6
       Distracted        |       |     1 |     1 |       ||     2
       Invisible         |       |       |     1 |       ||     1
  Eat: Chunk             |     4 |    12 |    10 |    13 ||    39
       Ration            |       |     1 |     5 |       ||     6
Armor: Robe              |    23 |    62 |   175 |    65 ||   325
Dodge: Dodged            |    60 |   104 |   313 |   214 ||   691

Table legend:
 A = Spawn XP
 B = Non-spawn XP
 C = Spawn XP percentage of total XP
 D = Spawn monster count
 E = Non-spawn monster count
 F = Spawn count percentage of total count
 G = Total turns spent on level
                    A         B        C        D         E        F      G
               +---------+---------+-------+---------+---------+-------+---------
         Total |       0 |   13691 |   0.0 |       0 |     233 |   0.0 | 11412
               +---------+---------+-------+---------+---------+-------+---------
           D:1 |       0 |      50 |   0.0 |       0 |      26 |   0.0 |   906
           D:2 |       0 |     144 |   0.0 |       0 |      30 |   0.0 |  1026
           D:3 |       0 |      40 |   0.0 |       0 |      16 |   0.0 |   805
           D:4 |       0 |     631 |   0.0 |       0 |      12 |   0.0 |   806
           D:5 |       0 |    1000 |   0.0 |       0 |      22 |   0.0 |  1187
           D:6 |       0 |    2392 |   0.0 |       0 |      30 |   0.0 |  1536
           D:7 |       0 |    1987 |   0.0 |       0 |      16 |   0.0 |  1417
           D:8 |       0 |    2079 |   0.0 |       0 |      23 |   0.0 |   976
           D:9 |       0 |    2587 |   0.0 |       0 |      20 |   0.0 |   962
          D:10 |       0 |    2246 |   0.0 |       0 |      10 |   0.0 |   338
         Sewer |       0 |     535 |   0.0 |       0 |      28 |   0.0 |  1453
               +---------+---------+-------+---------+---------+-------+---------

Vault maps used:
D:1:      scummos_arrival_star, minmay_misc_feat_pillars, tso_altar
D:3:      grunt_dithmenos_smoke, gammafunk_temple_overflow_wave, first_ration,
          portal_sewer_entry_f, amethyst_killhole
D:4:      lemuel_round_altar, kennysheep_little_box, uniq_sigmund,
          uniq_crazy_yiuf_cottage
D:5:      kennysheep_vampire_church, kennysheep_mini, minmay_temple_entry_glass
D:6:      hangedman_cross_stitches, uniq_blork_the_orc, uniq_menkaure,
          uniq_eustachio
D:7:      nicolae_elemental_shop, uniq_pikel
D:8:      dancing_weapons_uskayaw, grunt_pizzeria, bloody_trog, uniq_grum
D:9:      nicolae_overflow_crystal_walls, grunt_qazlal_clouds, uniq_gastronok
D:10:     due_lair_maze_entry_diamond
Sewer:    sewer_co_tree

Table legend:
 A = Turns spent in this place as a percentage of turns spent in the entire game.
 B = Non-inter-level travel turns spent in this place as a percentage of non-inter-level travel turns spent in the entire game.
 C = Inter-level travel turns spent in this place as a percentage of turns spent in this place.
 D = Turns resting spent in this place as a percentage of non-inter-level travel turns spent in this place.
 E = Turns spent auto-exploring this place as a percentage of non-inter-level travel turns spent in this place.
 F = Non-inter-level travel turns spent in this place divided by the number of levels of this place that you've seen.
                   A       B       C       D       E      F
               +-------+-------+-------+-------+-------+----------------------
         Total | 100.0 | 100.0 |   1.8 |  33.7 |  43.9 | 1018.5
       Dungeon |  87.3 |  87.0 |   2.1 |  32.0 |  46.5 | 975.0
         Sewer |  12.7 |  13.0 |   0.0 |  45.4 |  26.4 | 1453.0
               +-------+-------+-------+-------+-------+----------------------

Table legend:
 A = Kills in this place as a percentage of kills in entire the game.
 B = Kills by you in this place as a percentage of kills by you in the entire game.
 C = Kills by friends in this place as a percentage of kills by friends in the entire game.
 D = Other kills in this place as a percentage of other kills in the entire game.
 E = Experience gained in this place as a percentage of experience gained in the entire game.
 F = Experience gained in this place divided by the number of levels of this place that you have seen.
                   A       B       C       D       E      F
               +-------+-------+-------+-------+-------+----------------------
         Total | 100.0 | 100.0 |   N/A |   N/A | 100.0 | 1244.6
       Dungeon |  88.0 |  88.0 |   N/A |   N/A |  96.1 | 1315.6
         Sewer |  12.0 |  12.0 |   N/A |   N/A |   3.9 | 535.0
               +-------+-------+-------+-------+-------+----------------------
